AoeStats
← Dom&Benito

Hideout

508921822Analyzed
1v1 RM · 6d ago on Sep 24, 2026· 84m 32s· 2 players
Game mode
Random Map
Map size
Tiny (2 player)
Population
200
Speed
Normal
Resources
Standard
Victory
Conquest
Starting age
Dark Age
Ending age
Imperial Age
RankedLock teamsTeams togetherTeam positionsShared explorationLock speedFull tech treeHidden civsTurbo modeCheats
Victory
Defeat
🇨🇦 Lithuanians · Canada
1206
+14
🇺🇸 Celts · United States
1169
-14
real_Eli_Manning
7:23 Loom
9:29 Feudal Age
11:03 Feudal Age
15:15 Castle Age
14:30 Double-Bit Axe
14:29 Horse Collar
21:48 Scale Mail Armor
23:23 Forging
23:22 Pikeman
25:19 Wheelbarrow
25:48 Town Watch
28:00 Chain Mail Armor
28:21 Iron Casting
28:07 Heavy Plow
33:51 Imperial Age
32:18 Hand Cart
32:26 Stronghold
34:22 Gambesons
34:23 Arson
35:54 Halberdier
41:06 Plate Mail Armor
41:37 Blast Furnace
41:28 Town Patrol
41:41 Bow Saw
42:10 Conscription
41:55 Heavy Scorpion
42:37 Padded Archer Armor
76:20 Siege Engineers
83:48 Ballistics
Dom&Benito
9:45 Feudal Age
10:25 Double-Bit Axe
10:22 Horse Collar
19:26 Castle Age
17:38 Scale Barding Armor
18:33 Forging
20:41 Bow Saw
20:44 Bloodlines
20:35 Husbandry
22:43 Wheelbarrow
21:54 Loom
21:55 Town Watch
23:15 Chain Barding Armor
24:06 Heavy Plow
32:32 Imperial Age
32:38 Iron Casting
34:21 Conscription
34:05 Elite Leitis
35:21 Hand Cart
37:57 Plate Barding Armor
39:56 Fletching
40:07 Padded Archer Armor
40:30 Ballistics
41:12 Chemistry
40:07 Murder Holes
40:22 Elite Skirmisher
41:01 Bodkin Arrow
42:59 Bracer
43:15 Leather Archer Armor
49:58 Cavalier
54:25 Paladin
55:45 Ring Archer Armor
63:32 Sanctity
64:15 Redemption
64:56 Devotion
65:19 Block Printing
65:17 Fervor
68:14 Illumination
75:39 Two-Man Saw
75:06 Light Cavalry
77:31 Winged Hussar
81:06 Tower Shields
Connection lost

Rejoining the realm…

Still unreachable

The connection could not be restored.

Session expired

The server has moved on; the page needs a fresh start.